 Dungeon Crawl Stone Soup version 0.23.2-40-g277498a001 (webtiles) character file.

Game seed: 6601202301002155399

2389 Galewin the Cleaver (level 9, -2/70 HPs)
             Began as a Minotaur Berserker on Oct 15, 2019.
             Was an Elder of Trog.
             Slain by a hornet (5 damage)
             ... on level 7 of the Dungeon.
             The game lasted 00:14:50 (4331 turns).

Galewin the Cleaver (Minotaur Berserker)            Turns: 4331, Time: 00:14:50

Health: -2/70      AC:  9    Str: 25    XL:     9   Next: 22%
Magic:  8/8        EV:  9    Int:  4    God:    Trog [****..]
Gold:   296        SH:  0    Dex: 10    Spells: 8/8 levels left

rFire    . . .     SeeInvis .   p - +0 war axe
rCold    . . .     Gourm    .   (no shield)
rNeg     . . .     Faith    .   s - +0 chain mail
rPois    .         Spirit   .   (helmet restricted)
rElec    .         Reflect  .   (no cloak)
rCorr    .         Harm     .   (no gloves)
MR       .....                  u - +0 pair of boots
Stlth    ..........             (no amulet)
HPRegen  0.21/turn              (no ring)
MPRegen  0.11/turn              (no ring)

@: lethally poisoned (-2 -> -30), berserk cooldown, slowed, very slow
A: retaliatory headbutt, horns 2
a: Berserk, Trog's Hand, Brothers in Arms, Renounce Religion


You were on level 7 of the Dungeon.
You worshipped Trog.
Trog was greatly pleased with you.
You were not hungry.

You visited 1 branch of the dungeon, and saw 7 of its levels.

You collected 296 gold pieces.

Inventory:

Hand Weapons
 p - a +0 war axe (weapon)
Armour
 s - a +0 chain mail (worn)
 u - a +0 pair of boots (worn)
Jewellery
 k - a cursed ring of teleportation
 m - an uncursed ring of fire
 z - a +5 ring of protection {unknown}
Wands
 a - a wand of iceblast (7)
 y - a wand of random effects (10)
Scrolls
 b - 3 scrolls of identify
 f - a scroll of enchant weapon {unknown}
 g - 4 scrolls of enchant armour {unknown}
 i - a scroll of blinking {unknown}
 j - a scroll of remove curse {unknown}
 o - 3 scrolls of teleportation {unknown}
 q - a scroll of fear {unknown}
 r - a scroll of immolation {unknown}
 w - a scroll of fog {unknown}
 A - a scroll of magic mapping {unknown}
Potions
 d - a potion of heal wounds {unknown}
 e - a potion of invisibility {unknown}
 h - 2 potions of resistance {unknown}
 l - a potion of ambrosia {unknown}
 n - 6 potions of curing {unknown}
 t - a potion of haste {unknown}
 v - a potion of flight {unknown}
 x - a potion of berserk rage {unknown}
Comestibles
 c - 13 rations
 B - 6 chunks of flesh


   Skills:
 - Level 3.6 Fighting
 * Level 14.4 Axes
 - Level 2.4 Armour
 - Level 2.2 Dodging


You had 8 spell levels left.
You didn't know any spells.
Your spell library was empty.

Dungeon Overview and Level Annotations

Branches:
Dungeon (7/15)             Temple (0/1) D:5

Altars:
Cheibriados
Dithmenos
Okawaru
Qazlal
Ru
Sif Muna
Xom
Yredelemnul
Zin
The Shining One

Shops:
D:5 =


Innate Abilities, Weirdness & Mutations

You reflexively headbutt those who attack you in melee.
You have a pair of horns on your head.


Message History

You feel sick. The hornet stings you!
* * * LOW HITPOINT WARNING * * *
You are lethally poisoned!
You feel yourself slow down.
You hit the hornet but do no damage.
The hornet is heavily wounded.
* * * LOW HITPOINT WARNING * * *
You feel very sick. The hornet completely misses you. You furiously retaliate!
You headbutt the hornet. The hornet misses you. You furiously retaliate!
You headbutt the hornet! You barely miss the hornet.
The hornet is almost dead.
You feel yourself speed up.
* * * LOW HITPOINT WARNING * * *
You feel sick. The hornet stings you.
* * * LOW HITPOINT WARNING * * *
You are more poisoned.
You feel yourself slow down. The hornet stings you.
You die...

...........'......'.............#
#####...####......#############.#
.....................^........#.#
#############################.#.#
###...<...### .. #.#.#
##...........## .# #.#.#
##.......[)....## .# ##.#.#
#.........).....# .. ..#.#.#
##.......()..@...## .#..#.#.#
###.......###...y...####.###.#.#
.. #......## ##......##..#..#.#.#
. ##.....## ##.....##.)#..#.#.#
#÷.....# ##.....###.###.#.#
##.÷...## #.....##.#..#.#.#
##.....## ##.....###..#....
.....### ##.....##'###.# ..#..#
###.........#


You could see a hornet.

Vanquished Creatures
  A hippogriff (D:7)
  Menkaure (D:6)
  An orc warrior (D:3)
  2 phantoms
  2 ogres (D:5)
  A centaur (D:4)
  5 bullfrogs
  A scorpion (D:6)
  5 wights (D:6)
  A howler monkey (D:4)
  3 crimson imps
  4 jellies
  2 orc priests (D:7)
  A centaur skeleton (D:7)
  2 hounds
  2 bullfrog skeletons
  2 iguanas
  2 orc wizards
  9 worker ants
  A hound skeleton (D:3)
  4 gnolls (D:4)
  A howler monkey skeleton (D:4)
  6 adders
  An ooze (D:2)
  2 adder zombies
  An adder skeleton (D:7)
  2 worms
  2 dart slugs
  4 leopard geckos
  21 orcs
  3 bats
  5 giant cockroaches
  7 goblins
  8 hobgoblins
  3 jackals (D:2)
  7 kobolds
  2 quokkas (D:6)
  2 ball pythons
  7 frilled lizards
  A giant cockroach zombie (D:5)
  A leopard gecko skeleton (D:7)
  A quokka zombie (D:5)
  5 rats
144 creatures vanquished.

Notes
Turn   | Place    | Note
-------+----------+-------------------------------------------
     0 | D:1      | Galewin the Minotaur Berserker began the quest for the Orb.
     0 | D:1      | Reached XP level 1. HP: 19/19 MP: 0/0
   226 | D:1      | Reached skill level 4 in Axes
   349 | D:1      | Reached XP level 2. HP: 26/26 MP: 1/1
   568 | D:2      | Found a glowing silver altar of Zin.
   710 | D:2      | Reached skill level 5 in Axes
   730 | D:2      | Reached XP level 3. HP: 31/31 MP: 2/2
   807 | D:2      | Reached ** piety under Trog
  1145 | D:3      | Reached XP level 4. HP: 37/39 MP: 3/3
  1197 | D:3      | Found a sacrificial altar of Ru.
  1207 | D:3      | Reached skill level 6 in Axes
  1333 | D:3      | Found a basalt altar of Yredelemnul.
  1503 | D:3      | Noticed an orc warrior
  1513 | D:3      | Killed an orc warrior
  1513 | D:3      | Reached skill level 7 in Axes
  1513 | D:3      | Reached XP level 5. HP: 11/45 MP: 4/4
  1665 | D:4      | Reached skill level 8 in Axes
  1761 | D:4      | Reached XP level 6. HP: 36/51 MP: 5/5
  1810 | D:4      | Reached *** piety under Trog
  1820 | D:4      | Reached skill level 9 in Axes
  1936 | D:4      | Reached XP level 7. HP: 37/57 MP: 6/6
  2109 | D:4      | Found an iron altar of Okawaru.
  2115 | D:4      | Reached skill level 10 in Axes
  2248 | D:4      | Found a shadowy altar of Dithmenos.
  2406 | D:4      | Found a stormy altar of Qazlal.
  2582 | D:5      | Entered Level 5 of the Dungeon
  2582 | D:5      | Found a staircase to the Ecumenical Temple.
  2597 | D:5      | Found Vemnegiu's Jewellery Boutique.
  2614 | D:5      | Found a snail-covered altar of Cheibriados.
  2676 | D:5      | Found a sacrificial altar of Ru.
  2757 | D:5      | Reached skill level 11 in Axes
  2892 | D:5      | Reached XP level 8. HP: 64/64 MP: 7/7
  3029 | D:6      | Found a deep blue altar of Sif Muna.
  3085 | D:6      | Reached **** piety under Trog
  3105 | D:6      | Reached skill level 12 in Axes
  3308 | D:6      | Noticed Menkaure
  3317 | D:6      | Killed Menkaure
  3317 | D:6      | Reached skill level 13 in Axes
  3650 | D:6      | Found a shimmering altar of Xom.
  3742 | D:7      | Reached XP level 9. HP: 55/70 MP: 8/8
  4092 | D:7      | Found a glowing golden altar of the Shining One.
  4116 | D:7      | Reached skill level 14 in Axes
  4327 | D:7      | Paralysed by a hornet for 1 turns
  4331 | D:7      | HP: 3/70 [hornet (6)]
  4331 | D:7      | Slain by a hornet

Skill      XL: |  1  2  3  4  5  6  7  8  9 |
---------------+----------------------------+-----
Axes           | 4 5 7 8 9 11 13 14 | 14.4
Fighting       | |  3.6
Armour         | |  2.4
Dodging        | |  2.2

Action                   |  1- 3 |  4- 6 |  7- 9 || total
-------------------------+-------+-------+-------++-------
Melee: Hand axe          |    89 |    95 |    29 ||   213
       Headbutt          |    14 |    20 |    33 ||    67
       War axe           |       |       |   166 ||   166
Invok: Berserk           |     1 |     2 |     6 ||     9
  Use: Scroll            |       |       |     2 ||     2
 Stab: Paralysed         |       |     2 |       ||     2
  Eat: Chunk             |     2 |     4 |    10 ||    16
       Ration            |       |       |     1 ||     1
Armor: Ring mail         |    29 |    12 |       ||    41
       Animal skin       |     1 |       |       ||     1
       Chain mail        |       |    24 |    69 ||    93
Dodge: Dodged            |    33 |    30 |    61 ||   124
